[Event "Titled Tuesday Blitz January 04 2022"]
[White "Albornoz Cabrera, Carlos Daniel"]
[Black "Taichman, Ori"]
[WhiteFideId "3518736"]
[BlackFideId "2804069"]
[WhiteElo "2490"]
[BlackElo "2227"]
[Result "1-0"]
[Round "01"]
[TimeControl "180+1"]
[Date "2022.01.04"]
[WhiteClock "0:00:21"]
[BlackClock "0:00:04"]

1. e4 c5 2. Nf3 Nc6 3. Bb5 d6 4. O-O Bd7 5. c3 Nf6 6. Re1 a6 7. Bf1 Bg4 8. h3 Bxf3 9. Qxf3 g6 10. d3 Bg7 11. Be3 Nd7 12. Nd2 b5 13. Qd1 b4 14. Qc2 O-O 15. Nc4 Rb8 16. Rab1 Nb6 17. Nd2 Qd7 18. Rec1 Rfc8 19. Qd1 a5 20. Nf3 a4 21. d4 a3 22. bxa3 bxc3 23. Rxc3 cxd4 24. Nxd4 Nxd4 25. Rxc8+ Qxc8 26. Bxd4 Nd7 27. Bxg7 Kxg7 28. Bb5 Nc5 29. Qd4+ f6 30. a4 Qc7 31. Rc1 Qb7 32. Rc4 Nxe4 33. Rc1 d5 34. Bc6 Qb2 35. Qxb2 Rxb2 36. Bxd5 Nxf2 37. Rc3 Nd1 38. Rc7 Kh6 39. Rxe7 Nc3 40. Bg8 Nxa4 41. Rxh7+ Kg5 42. Ra7 Nc3 43. Kh2 Ne2 44. Ra5+ f5 45. Bd5 Nf4 46. Bf3 Nd3 47. Ra8 Kf4 48. Bc6 g5 49. Ra4+ Ke3 50. Ra5 Kf4 51. Bd7 Ne5 52. Ra4+ Ke3 53. Bxf5 Nf3+ 54. Kg3 Nd4 55. Ra3+ Ke2 56. Kg4 Kf2 57. Be4 Rb5 58. Rd3 Ne2 59. Rf3+ Ke1 60. a3 Ra5 61. Re3 Kd2 62. Rd3+ Ke1 63. Kf3 Ng1+ 64. Ke3 Ra4 65. Rb3 Kd1 66. Rb1# 1-0


[Site "https://www.chess.com"]

[Event "Titled Tuesday Blitz January 04 2022"]
[White "Al-Tarboush, Ward"]
[Black "Sadhwani, Raunak"]
[WhiteFideId "7601450"]
[BlackFideId "35093487"]
[WhiteElo "2276"]
[BlackElo "2616"]
[Result "0-1"]
[Round "01"]
[TimeControl "180+1"]
[Date "2022.01.04"]
[WhiteClock "0:00:19"]
[BlackClock "0:01:22"]

1. e4 e5 2. Nf3 Nc6 3. Bb5 Nge7 4. O-O Ng6 5. c3 a6 6. Ba4 d5 7. d4 dxe4 8. d5 exf3 9. dxc6 b5 10. Qxd8+ Kxd8 11. Bb3 fxg2 12. Rd1+ Ke8 13. a4 b4 14. cxb4 Bxb4 15. Nc3 Nh4 16. Nd5 Bd6 17. f4 Bg4 18. Rd3 Nf3+ 19. Rxf3 Bxf3 20. fxe5 Bc5+ 21. Ne3 Rd8 22. Bc2 Bxc6 23. b4 Bd4 24. Rb1 h5 25. b5 axb5 26. axb5 Bb7 27. b6 Bxb6 28. Ba4+ Kf8 29. Ba3+ Kg8 30. Re1 Ra8 31. Bc1 Rxa4 0-1


[Site "https://www.chess.com"]

[Event "Titled Tuesday Blitz January 04 2022"]
[White "Andreikin, Dmitry"]
[Black "Atanasov, Anthony"]
[WhiteFideId "4158814"]
[BlackFideId "2623897"]
[WhiteElo "2736"]
[BlackElo "1928"]
[Result "1-0"]
[Round "01"]
[TimeControl "180+1"]
[Date "2022.01.04"]
[WhiteClock "0:01:38"]
[BlackClock "0:00:19"]

1. d4 Nf6 2. c4 g6 3. Nc3 d5 4. cxd5 Nxd5 5. e4 Nxc3 6. bxc3 Bg7 7. Be3 c5 8. Qd2 Nc6 9. Rd1 Qa5 10. Be2 O-O 11. h3 Rd8 12. Nf3 e5 13. d5 f5 14. Bc4 Be6 15. Ng5 b5 16. Bb3 c4 17. Nxe6 cxb3 18. Nxd8 Rxd8 19. axb3 b4 20. cxb4 Nxb4 21. O-O fxe4 22. d6 Qb5 23. Bg5 Rd7 24. Be7 Nd3 25. Qe2 Qd5 26. f3 Qd4+ 27. Kh2 1-0


[Site "https://www.chess.com"]

[Event "Titled Tuesday Blitz January 04 2022"]
[White "Babazada, Khazar"]
[Black "Martins, Igor Carvalho Ribeiro"]
[WhiteFideId "13413554"]
[BlackFideId "2162962"]
[WhiteElo "2418"]
[BlackElo "2481"]
[Result "1-0"]
[Round "01"]
[TimeControl "180+1"]
[Date "2022.01.04"]
[WhiteClock "0:01:38"]
[BlackClock "0:00:20"]

1. Nf3 Nf6 2. g3 g6 3. Bg2 Bg7 4. O-O O-O 5. b3 d5 6. Bb2 c6 7. d3 Nbd7 8. Nbd2 Re8 9. e4 e5 10. Re1 d4 11. a4 c5 12. Nc4 Qc7 13. c3 dxc3 14. Bxc3 b6 15. Rc1 Qb8 16. Qd2 Ba6 17. Qb2 Ng4 18. h3 Nh6 19. Rcd1 f6 20. Nh2 Nf7 21. Nf1 Nf8 22. Nfe3 Ne6 23. Nd5 Nd4 24. Bxd4 cxd4 25. Rc1 Bb7 26. b4 Bxd5 27. exd5 Nd6 28. Nxd6 Qxd6 29. Rc6 Qd7 30. Rec1 Rac8 31. Qb3 Bf8 32. d6+ Kh8 33. Rc7 Rxc7 34. Rxc7 Qe6 35. d7 1-0


[Site "https://www.chess.com"]

[Event "Titled Tuesday Blitz January 04 2022"]
[White "Babiy, Olga"]
[Black "Safarli, Eltaj"]
[WhiteFideId "14117258"]
[BlackFideId "13402129"]
[WhiteElo "2252"]
[BlackElo "2634"]
[Result "0-1"]
[Round "01"]
[TimeControl "180+1"]
[Date "2022.01.04"]
[WhiteClock "0:00:15"]
[BlackClock "0:00:40"]

1. d4 Nf6 2. Nf3 g6 3. Nbd2 d5 4. e3 Bg7 5. b4 O-O 6. c4 c6 7. a4 Bg4 8. Be2 Nbd7 9. Bb2 e6 10. a5 Re8 11. h3 Bxf3 12. Nxf3 Ne4 13. O-O Qe7 14. Qa4 a6 15. b5 axb5 16. cxb5 c5 17. Qc2 c4 18. Nd2 Ndf6 19. f3 Ng3 20. Rfe1 Rec8 21. Bc3 h5 22. Bd1 h4 23. Nf1 Nfh5 24. Nxg3 Nxg3 25. Qf2 e5 26. e4 exd4 27. Bxd4 Bxd4 28. Qxd4 Rd8 29. e5 Nf5 30. Qc3 Qc5+ 31. Kh2 d4 32. Qb2 d3 33. f4 c3 34. Qb3 c2 35. Bg4 d2 36. Bxf5 dxe1=Q 37. Rxe1 c1=Q 38. Bxg6 Qxf4+ 39. Kh1 Qcb4 40. Bxf7+ Kg7 0-1


[Site "https://www.chess.com"]

[Event "Titled Tuesday Blitz January 04 2022"]
[White "Baglan, Esat"]
[Black "Theodorou, Nikolas"]
[WhiteFideId "6309216"]
[BlackFideId "4262875"]
[WhiteElo "2107"]
[BlackElo "2472"]
[Result "0-1"]
[Round "01"]
[TimeControl "180+1"]
[Date "2022.01.04"]
[WhiteClock "0:00:35"]
[BlackClock "0:01:10"]

1. e4 e5 2. Nc3 Nf6 3. g3 Bc5 4. Bg2 a5 5. Nge2 Nc6 6. d3 d6 7. h3 a4 8. a3 O-O 9. O-O h6 10. Kh2 Nd4 11. f4 Nh7 12. f5 c6 13. Bd2 b5 14. Nxd4 Bxd4 15. Qh5 Nf6 16. Qh4 Nh7 17. Qh5 Ra7 18. Rae1 Nf6 19. Qh4 Nh7 20. Qh5 Rb7 21. Nd1 Nf6 22. Qh4 Nh7 23. Qh5 Bd7 24. c3 Bb6 25. Ne3 Nf6 26. Qh4 Nh7 27. Qh5 Be8 28. Qe2 f6 29. h4 Rd7 30. Rd1 d5 31. Ng4 Kh8 32. Bf3 Bf7 33. Be3 d4 34. Bd2 Bb3 35. Rc1 dxc3 36. Rxc3 c5 37. Be3 c4 38. Bxb6 Qxb6 39. Qf2 Qxf2+ 40. Nxf2 Rfd8 41. dxc4 Bxc4 42. Rfc1 Rd2 43. Kg1 Rxb2 44. Rxc4 bxc4 45. Rxc4 Rb3 46. Bd1 Rxg3+ 47. Kh2 Rxa3 48. Bxa4 Nf8 49. Bc6 Rd4 50. Rc5 Rd2 51. Kg2 Raa2 0-1


[Site "https://www.chess.com"]

[Event "Titled Tuesday Blitz January 04 2022"]
[White "Bonam, Saigautam"]
[Black "Maghsoodloo, Parham"]
[WhiteFideId "30929962"]
[BlackFideId "12539929"]
[WhiteElo "1673"]
[BlackElo "2630"]
[Result "0-1"]
[Round "01"]
[TimeControl "180+1"]
[Date "2022.01.04"]
[WhiteClock "0:00:03"]
[BlackClock "0:00:37"]

1. d4 d5 2. c4 c6 3. Nf3 Nf6 4. Qc2 dxc4 5. Qxc4 Bf5 6. Nc3 e6 7. Bg5 Be7 8. Qb3 Qb6 9. Nd2 Nbd7 10. e4 Bg6 11. Qxb6 axb6 12. f3 b5 13. Bd3 e5 14. dxe5 Nxe5 15. Be2 h6 16. Bf4 Nfd7 17. Nb3 f6 18. O-O Bf7 19. Be3 b4 20. f4 Nc4 21. Nd1 O-O 22. Nd2 Nxe3 23. Nxe3 Bc5 24. Kf2 Bd4 25. Kf3 Bxb2 26. Rab1 Bc3 27. Ndc4 b5 28. Nd6 Rxa2 29. Nxf7 Rxf7 30. Rfd1 Ra3 31. g3 Nc5 32. Kg2 Ra2 33. Kf3 Nxe4 34. Kxe4 Rxe2 35. Kf3 Rxh2 36. Nf5 g6 37. Nd6 Re7 38. Ne4 f5 39. Nd6 Ree2 40. Rd3 Rhf2# 0-1


[Site "https://www.chess.com"]

[Event "Titled Tuesday Blitz January 04 2022"]
[White "Bortnyk, Olexandr"]
[Black "Papp, Petra"]
[WhiteFideId "14120828"]
[BlackFideId "739049"]
[WhiteElo "2723"]
[BlackElo "2259"]
[Result "1-0"]
[Round "01"]
[TimeControl "180+1"]
[Date "2022.01.04"]
[WhiteClock "0:00:06"]
[BlackClock "0:00:07"]

1. e4 d6 2. d4 Nf6 3. Nc3 e5 4. Nf3 Nbd7 5. g4 Nxg4 6. Rg1 Ngf6 7. Bc4 h6 8. Be3 c6 9. dxe5 dxe5 10. Qe2 Qa5 11. O-O-O b5 12. Bb3 Ba6 13. Qe1 g6 14. Nxe5 Nxe5 15. Nd5 Qd8 16. Nb4 Qc8 17. Qc3 Bxb4 18. Qxe5+ Be7 19. Bc5 Qb7 20. Rd6 Kf8 21. Rxf6 Bxc5 22. Qxc5+ Kg7 23. Rxf7+ Qxf7 24. Bxf7 Kxf7 25. Qxc6 Rae8 26. Qxg6+ Ke7 27. Qxa6 Rhg8 28. Rxg8 Rxg8 29. Qxa7+ Kf6 30. Qb6+ Ke5 31. Qxb5+ Kf4 32. Qf5# 1-0


[Site "https://www.chess.com"]

[Event "Titled Tuesday Blitz January 04 2022"]
[White "Boskovic, Drasko"]
[Black "Lenderman, Aleksandr"]
[WhiteFideId "927368"]
[BlackFideId "2021285"]
[WhiteElo "2388"]
[BlackElo "2651"]
[Result "0-1"]
[Round "01"]
[TimeControl "180+1"]
[Date "2022.01.04"]
[WhiteClock "0:01:30"]
[BlackClock "0:02:05"]

1. d4 e6 2. Nf3 c5 3. e4 cxd4 4. Nxd4 Nf6 5. Nc3 Nc6 6. Ndb5 Bc5 7. Nd6+ Ke7 8. Bf4 e5 9. Nf5+ Kf8 10. Bg5 Bb4 11. Bd3 Bxc3+ 12. bxc3 h6 13. Be3 d5 14. exd5 Qxd5 15. Nh4 e4 16. O-O exd3 17. cxd3 g5 18. Nf3 Bg4 0-1


[Site "https://www.chess.com"]

[Event "Titled Tuesday Blitz January 04 2022"]
[White "Bromann, Thorbjorn"]
[Black "Deac, Bogdan-Daniel"]
[WhiteFideId "1403893"]
[BlackFideId "1226380"]
[WhiteElo "2473"]
[BlackElo "2646"]
[Result "0-1"]
[Round "01"]
[TimeControl "180+1"]
[Date "2022.01.04"]
[WhiteClock "0:00:06"]
[BlackClock "0:00:35"]

1. c4 e6 2. g3 d5 3. Bg2 Nf6 4. Nf3 Be7 5. O-O O-O 6. Qc2 d4 7. d3 Nc6 8. a3 a5 9. e3 e5 10. b3 Nd7 11. Nbd2 Nc5 12. exd4 Nxd4 13. Nxd4 Qxd4 14. Bb2 Qxd3 15. Qxd3 Nxd3 16. Bc3 Rd8 17. Ne4 f5 18. Nd2 e4 19. g4 g6 20. gxf5 gxf5 21. Rad1 Nf4 22. Rfe1 Rd3 23. Be5 Nxg2 24. Kxg2 Bxa3 25. Nb1 Bb4 26. Rxd3 exd3 27. Rd1 f4 28. Bxc7 Bf5 29. Bxf4 Ra6 30. Nd2 Rg6+ 31. Bg3 Re6 32. Nf3 Be4 0-1


[Site "https://www.chess.com"]

[Event "Titled Tuesday Blitz January 04 2022"]
[White "Brunner, Nicolas"]
[Black "Pichot, Alan"]
[WhiteFideId "620246"]
[BlackFideId "110973"]
[WhiteElo "2372"]
[BlackElo "2543"]
[Result "0-1"]
[Round "01"]
[TimeControl "180+1"]
[Date "2022.01.04"]
[WhiteClock "0:00:25"]
[BlackClock "0:01:08"]

1. d4 d5 2. c4 dxc4 3. e4 Nf6 4. e5 Nd5 5. Bxc4 Nb6 6. Bb3 Nc6 7. Be3 Bf5 8. Ne2 e6 9. Nbc3 Be7 10. O-O Qd7 11. Ng3 Bg6 12. f4 O-O-O 13. Nce2 Nd5 14. Bxd5 Qxd5 15. f5 exf5 16. Nxf5 Bxf5 17. Rxf5 Qe4 18. Rf3 Nxe5 19. Rg3 Ng6 20. Nc3 Qf5 21. Qa4 a6 22. Rf1 Qd7 23. Qxd7+ Rxd7 24. Rxf7 Bd6 25. Rxd7 Kxd7 26. Rf3 Re8 27. Rf7+ Re7 28. Rxe7+ Nxe7 29. g4 Ke6 30. Kg2 Nd5 31. Bd2 Nxc3 32. bxc3 Kd5 33. h4 Ke4 34. Be1 b5 35. Kf2 Kd3 36. Kf3 a5 37. d5 a4 38. h5 a3 39. g5 Kc2 40. g6 hxg6 41. hxg6 Kb2 42. Bh4 Kxa2 43. Bf6 Bf8 44. Be5 Kb3 45. Ke4 a2 46. c4 bxc4 47. Kf5 c3 0-1


[Site "https://www.chess.com"]

[Event "Titled Tuesday Blitz January 04 2022"]
[White "Demchenko, Anton"]
[Black "Rodchenkov, Sergey D."]
[WhiteFideId "4160258"]
[BlackFideId "4168712"]
[WhiteElo "2539"]
[BlackElo "2306"]
[Result "1-0"]
[Round "01"]
[TimeControl "180+1"]
[Date "2022.01.04"]
[WhiteClock "0:00:09"]
[BlackClock "0:00:08"]

1. e4 c5 2. Nf3 d6 3. d4 cxd4 4. Qxd4 Nc6 5. Qe3 g6 6. h3 Bg7 7. Nc3 Nf6 8. Bc4 O-O 9. O-O Nd7 10. Rd1 Nde5 11. Nxe5 Nxe5 12. Bb3 Rb8 13. Qxa7 Bd7 14. Qe3 b5 15. Qe2 b4 16. Nd5 Bb5 17. Qe1 Bd7 18. Bg5 Re8 19. f4 Nc6 20. Rab1 h6 21. Bh4 Be6 22. Qf2 Bd7 23. Kh1 Na5 24. f5 g5 25. Bg3 Nxb3 26. axb3 Bc6 27. Rd3 Ra8 28. e5 Qa5 29. Nxe7+ Rxe7 30. f6 Bxf6 31. exf6 Re6 32. Rxd6 Rae8 33. Rxe6 Rxe6 34. Rd1 Re8 35. Kh2 Qb5 36. Rd2 Qb7 37. Qc5 Be4 38. Re2 Bc6 39. Rxe8+ Bxe8 40. Qd6 Bc6 41. Qd8+ Kh7 42. Qf8 Kg6 43. Qg7+ Kf5 44. Qh7+ Ke6 45. Qxh6 Bxg2 46. Qxg5 Qd5 47. Qxd5+ Bxd5 48. Be1 Be4 49. c3 Bc2 50. cxb4 Bxb3 51. Bc3 Kf5 52. Kg3 Bd5 53. h4 Be4 54. b5 Bd5 55. b6 Bc6 56. Kf2 Kg6 57. Ke3 Kh5 58. Kd4 Kxh4 59. Kc5 Bb7 60. Kd6 Ba6 61. Kc7 Kg4 62. b7 1-0


[Site "https://www.chess.com"]

[Event "Titled Tuesday Blitz January 04 2022"]
[White "Demin, Vladimir"]
[Black "Kamsky, Gata"]
[WhiteFideId "4167457"]
[BlackFideId "2000024"]
[WhiteElo "2463"]
[BlackElo "2645"]
[Result "1/2-1/2"]
[Round "01"]
[TimeControl "180+1"]
[Date "2022.01.04"]
[WhiteClock "0:00:51"]
[BlackClock "0:00:22"]

1. e4 e5 2. Nf3 Nc6 3. Bb5 Nf6 4. O-O Nxe4 5. d4 Nd6 6. dxe5 Nxb5 7. a4 Nbd4 8. Nxd4 Nxd4 9. Qxd4 d5 10. exd6 Qxd6 11. Qe4+ Qe6 12. Qd4 Qd6 13. Qe3+ Be7 14. Nc3 O-O 15. Rd1 Qc5 16. Nd5 Qxe3 17. Bxe3 Bd6 18. c4 Be6 19. c5 Be5 20. Bd4 Bxd5 21. Bxe5 c6 22. Bd6 Rfe8 23. Re1 f6 24. f3 Kf7 25. Kf2 h5 26. a5 a6 27. h4 g5 28. g3 Kg6 29. f4 gxh4 30. gxh4 Kf5 31. Rxe8 Rxe8 32. Re1 Rg8 33. Rg1 Rxg1 34. Kxg1 Ke4 35. Kf2 f5 36. Kg3 Kd3 37. Bc7 Kc4 38. Bb6 Kb3 39. Kf2 Kxb2 40. Kg3 Kc3 41. Bd8 Be6 42. Bb6 Kd4 43. Kf3 Kd3 44. Kg3 Ke4 45. Bc7 b5 46. axb6 Bc8 47. Kf2 Kd3 48. Kf3 Bb7 49. Be5 Kc4 50. Bd6 a5 51. Ke3 Kc3 52. Be5+ Kc4 53. Bd6 a4 54. Kd2 Kb3 55. Kc1 a3 56. Kb1 a2+ 57. Ka1 Ba6 58. Be7 Bb7 59. Bd6 Ba6 60. Be7 Bb7 61. Bd6 1/2-1/2


[Site "https://www.chess.com"]

[Event "Titled Tuesday Blitz January 04 2022"]
[White "Drozdowski, Kacper"]
[Black "manmanlai1"]
[WhiteFideId "1136720"]
[WhiteElo "2507"]
[BlackElo "2491"]
[Result "1-0"]
[Round "01"]
[TimeControl "180+1"]
[Date "2022.01.04"]
[WhiteClock "0:02:08"]
[BlackClock "0:00:01"]

1. e4 e5 2. Nf3 Nc6 3. Bc4 Bc5 4. c3 Nf6 5. d3 d6 6. Bb3 a6 7. Nbd2 Ba7 8. h3 Ne7 9. Nf1 Ng6 10. Ng3 O-O 11. O-O h6 12. d4 c6 13. Re1 exd4 14. cxd4 Re8 15. Bc2 c5 16. Be3 cxd4 17. Bxd4 Bxd4 18. Qxd4 Be6 19. Rad1 Rc8 20. Bb1 Qa5 21. a3 Red8 22. Rc1 Rc6 23. Qe3 Ne5 24. Nd4 Rxc1 25. Rxc1 Rc8 26. b4 Qd8 27. Ngf5 Rxc1+ 28. Qxc1 Bxf5 29. Nxf5 d5 30. exd5 g6 31. Ne3 Qd6 32. Qc3 1-0


[Site "https://www.chess.com"]

[Event "Titled Tuesday Blitz January 04 2022"]
[White "Fernandez Reyes, Lisandro"]
[Black "Pranav, V"]
[WhiteFideId "3504190"]
[BlackFideId "25060783"]
[WhiteElo "2374"]
[BlackElo "2349"]
[Result "0-1"]
[Round "01"]
[TimeControl "180+1"]
[Date "2022.01.04"]
[WhiteClock "0:01:44"]
[BlackClock "0:01:13"]

1. e4 e5 2. Nf3 Nc6 3. Bb5 a6 4. Ba4 Nf6 5. O-O b5 6. Bb3 Bc5 7. c3 d6 8. d4 Bb6 9. Be3 O-O 10. Nbd2 Bg4 11. d5 Bxe3 12. fxe3 Ne7 13. h3 Bh5 14. g4 Bg6 15. Bc2 Nd7 16. Qe1 c6 17. dxc6 Nxc6 18. h4 h6 19. h5 Bh7 20. Nh4 d5 21. Qg3 d4 22. Kh2 dxe3 23. Ndf3 f6 24. Rae1 Nc5 25. Rxe3 Ne6 26. Rd1 Qe8 27. Nf5 Bxf5 28. gxf5 Qxh5+ 29. Nh4 Ng5 30. Kg2 Rfd8 31. Rd5 Rxd5 32. exd5 Na5 33. Rd3 Qe2+ 34. Qf2 Qe4+ 35. Kg3 Qh1 36. Nf3 Qh3# 0-1


[Site "https://www.chess.com"]

[Event "Titled Tuesday Blitz January 04 2022"]
[White "Fishbein, Mitch"]
[Black "Sjugirov, Sanan"]
[WhiteFideId "30922917"]
[BlackFideId "4189302"]
[WhiteElo "1939"]
[BlackElo "2602"]
[Result "0-1"]
[Round "01"]
[TimeControl "180+1"]
[Date "2022.01.04"]
[WhiteClock "0:00:05"]
[BlackClock "0:00:51"]

1. Nf3 d5 2. c4 e6 3. g3 dxc4 4. Qa4+ Nd7 5. Qxc4 a6 6. Bg2 b5 7. Qc2 Bb7 8. O-O c5 9. d3 Ngf6 10. Bf4 Be7 11. a4 O-O 12. Nc3 Qb6 13. Rfc1 h6 14. b3 Rfc8 15. h3 Bf8 16. Be3 Nd5 17. Nxd5 Bxd5 18. axb5 axb5 19. Rxa8 Rxa8 20. b4 Ra2 21. Qd1 Qa7 22. bxc5 Bxc5 23. Bxc5 Nxc5 24. Nd2 Bxg2 25. Kxg2 b4 26. d4 Qb7+ 27. Kg1 Rxd2 28. Qxd2 Nb3 29. Qb2 Nxc1 30. Qxc1 b3 31. Qb2 Qd5 32. Qc3 Qb5 33. Qb2 Qc4 34. Qa3 Qc2 0-1


[Site "https://www.chess.com"]

[Event "Titled Tuesday Blitz January 04 2022"]
[White "Glavina, Pablo"]
[Black "Le, Tuan Minh"]
[WhiteFideId "100234"]
[BlackFideId "12401153"]
[WhiteElo "2369"]
[BlackElo "2450"]
[Result "1-0"]
[Round "01"]
[TimeControl "180+1"]
[Date "2022.01.04"]
[WhiteClock "0:00:24"]
[BlackClock "0:00:01"]

1. e4 c5 2. Nf3 Nf6 3. Nc3 d5 4. e5 Nfd7 5. e6 fxe6 6. d4 Nc6 7. Bg5 g6 8. h4 Bg7 9. h5 cxd4 10. h6 Bf6 11. Bxf6 exf6 12. Nxd4 O-O 13. Bb5 Nxd4 14. Qxd4 Qb6 15. O-O-O Qxd4 16. Rxd4 a6 17. Be2 Kf7 18. f4 b5 19. a4 bxa4 20. Rxa4 Bb7 21. Rd1 Rfc8 22. g4 f5 23. g5 a5 24. Bb5 Nb6 25. Ra3 Rc7 26. Ne2 Nc8 27. Nd4 Nd6 28. Ba4 Bc8 29. Re1 Ne4 30. Ree3 Ke7 31. Reb3 Nc5 32. Rc3 Bd7 33. Bb5 a4 34. b4 Na6 35. Rxc7 Nxc7 36. Bxd7 Kxd7 37. Kb2 Kd6 38. Rc3 Kd7 39. Nf3 Nb5 40. Ne5+ Ke7 41. Rc5 a3+ 42. Ka1 Nd4 43. Rc7+ Kd8 44. Rxh7 Nxc2+ 45. Ka2 Nxb4+ 46. Kb3 Ra4 47. Rd7+ Kc8 48. h7 1-0


[Site "https://www.chess.com"]

[Event "Titled Tuesday Blitz January 04 2022"]
[White "Grandelius, Nils"]
[Black "Aslanov, Umid"]
[WhiteFideId "1710400"]
[BlackFideId "13412620"]
[WhiteElo "2617"]
[BlackElo "1796"]
[Result "1-0"]
[Round "01"]
[TimeControl "180+1"]
[Date "2022.01.04"]
[WhiteClock "0:02:06"]
[BlackClock "0:00:43"]

1. Nf3 d5 2. g3 c6 3. Bg2 Nf6 4. O-O Bg4 5. h3 Bh5 6. c4 Nbd7 7. cxd5 cxd5 8. Nc3 e6 9. Qb3 b6 10. d4 Bd6 11. Nb5 Bb8 12. Qa3 Qe7 13. b3 a6 14. Qxe7+ Kxe7 15. Ba3+ Ke8 16. Rfc1 Bxg3 17. Nc7+ Bxc7 18. Rxc7 Kd8 19. Rac1 Ne8 20. Rb7 Rc8 21. Be7+ Kxe7 22. Rxc8 Bxf3 23. Bxf3 f5 24. e3 Rf8 25. Be2 b5 26. a4 Rf7 27. Ra7 bxa4 28. bxa4 f4 29. Bxa6 fxe3 30. fxe3 1-0


[Site "https://www.chess.com"]

[Event "Titled Tuesday Blitz January 04 2022"]
[White "Grischuk, Alexander"]
[Black "Saya, Ethan"]
[WhiteFideId "4126025"]
[BlackFideId "26095181"]
[WhiteElo "2762"]
[BlackElo "2255"]
[Result "1-0"]
[Round "01"]
[TimeControl "180+1"]
[Date "2022.01.04"]
[WhiteClock "0:02:04"]
[BlackClock "0:00:40"]

1. e4 e6 2. d4 d5 3. e5 c5 4. c3 Nc6 5. Nf3 Bd7 6. Be2 f6 7. O-O fxe5 8. Nxe5 Nxe5 9. dxe5 Qc7 10. c4 d4 11. Re1 O-O-O 12. Bd3 g6 13. Nd2 Ne7 14. Ne4 Nc6 15. Bg5 Be7 16. Bxe7 Nxe7 17. Nd6+ Kb8 18. Nf7 Nc6 19. Qe2 Nb4 20. Rad1 Bc6 21. Nxh8 Rxh8 22. Bb1 Rf8 23. a3 Na6 24. b4 cxb4 25. axb4 Nxb4 26. Rxd4 Qb6 27. Rd6 a5 28. Rxe6 a4 29. Rf6 Rd8 30. e6 Qd4 31. Rf7 a3 32. e7 Re8 33. Rf8 Qc3 34. Rxe8+ Bxe8 35. Qe5+ Qxe5 36. Rxe5 a2 37. Bxa2 Nxa2 38. Rd5 Kc7 39. Rd8 1-0


[Site "https://www.chess.com"]

[Event "Titled Tuesday Blitz January 04 2022"]
[White "Holt, Conrad"]
[Black "Stepanencu, Nicodim-Cosmin"]
[WhiteFideId "2034387"]
[BlackFideId "1256220"]
[WhiteElo "2586"]
[BlackElo "1809"]
[Result "1-0"]
[Round "01"]
[TimeControl "180+1"]
[Date "2022.01.04"]
[WhiteClock "0:01:36"]
[BlackClock "0:00:11"]

1. d4 Nf6 2. c4 e6 3. Nc3 Bb4 4. Qc2 c5 5. dxc5 Na6 6. a3 Bxc3+ 7. Qxc3 Nxc5 8. b4 Nce4 9. Qb2 b6 10. f3 Nd6 11. e4 Nh5 12. g4 Bb7 13. gxh5 Nxe4 14. h4 Qc7 15. Qxg7 O-O-O 16. fxe4 Rhg8 17. Qc3 Rg3 18. Be3 Bxe4 19. Rh3 d5 20. O-O-O Rdg8 21. Rxg3 Rxg3 22. Ne2 Rf3 23. Nd4 Rg3 24. Nb5 1-0


[Site "https://www.chess.com"]

[Event "Titled Tuesday Blitz January 04 2022"]
[White "Isanzhulov, Arystan"]
[Black "Shubenkova, Veronika"]
[WhiteFideId "13711644"]
[BlackFideId "44124040"]
[WhiteElo "2278"]
[BlackElo "1938"]
[Result "0-1"]
[Round "01"]
[TimeControl "180+1"]
[Date "2022.01.04"]
[WhiteClock "0:00:10"]
[BlackClock "0:01:33"]

1. e4 e6 2. d4 d5 3. Bd3 Nf6 4. e5 Nfd7 5. f4 c5 6. c3 Nc6 7. Nf3 Qb6 8. Bc2 Be7 9. a3 f6 10. b4 cxd4 11. cxd4 f5 12. Nc3 O-O 13. Be3 a5 14. b5 Na7 15. Bd3 Re8 16. O-O Nf8 17. Qb3 Bd7 18. Rac1 Rec8 19. h3 Qd8 20. g4 g6 21. Kh2 Kh8 22. Rg1 b6 23. a4 Be8 24. Rc2 Qd7 25. Rcg2 Bf7 26. gxf5 gxf5 27. Ne2 Ng6 28. Bf2 Rc7 29. h4 Rg8 30. Ng5 Bxg5 31. fxg5 Nf8 32. Nf4 Qe8 33. Qa3 Nc8 34. Be2 Ng6 35. Nh5 Qe7 36. Nf6 Qxa3 37. Bg3 Rc3 38. Kh1 Nce7 39. h5 Nf8 40. g6 Nfxg6 41. hxg6 Rxg6 42. Rh2 Bg8 43. Bh4 Rxg1+ 44. Kxg1 Qc1+ 45. Bf1 Ng6 46. Rg2 Qh6 47. Bg5 Qh3 48. Nxd5 Kg7 49. Bf6+ Kf7 50. Rxg6 Rg3+ 51. Rxg3 Qxg3+ 52. Kh1 exd5 53. Bg2 Ke6 54. Kg1 Bf7 0-1


[Site "https://www.chess.com"]

[Event "Titled Tuesday Blitz January 04 2022"]
[White "Jain, Naveen"]
[Black "Costachi, Mihnea"]
[WhiteFideId "5003970"]
[BlackFideId "1217518"]
[WhiteElo "2036"]
[BlackElo "2464"]
[Result "0-1"]
[Round "01"]
[TimeControl "180+1"]
[Date "2022.01.04"]
[WhiteClock "0:00:46"]
[BlackClock "0:01:09"]

1. c4 Nf6 2. g3 g6 3. Bg2 Bg7 4. Nc3 O-O 5. Nf3 c6 6. O-O d5 7. cxd5 cxd5 8. d4 Ne4 9. Ne5 Nxc3 10. bxc3 Nc6 11. Nxc6 bxc6 12. Qa4 Bd7 13. Qa3 e5 14. dxe5 Bxe5 15. Be3 Qf6 16. Rac1 h5 17. Qc5 Rfb8 18. Bd4 Rb2 19. e4 Bxd4 20. cxd4 dxe4 21. Bxe4 Rxa2 22. Bxc6 Bxc6 23. Qxc6 Qxc6 24. Rxc6 Rd8 25. Rd1 Rd5 26. Rc5 Rd6 27. d5 Raa6 28. Rb1 Kg7 29. Rb7 Rf6 30. Rcc7 Ra1+ 31. Kg2 Ra2 32. Rxa7 Raxf2+ 33. Kg1 Rf1+ 34. Kg2 R6f2+ 35. Kh3 Rh1 36. g4 Rhxh2+ 37. Kg3 h4# 0-1


[Site "https://www.chess.com"]

[Event "Titled Tuesday Blitz January 04 2022"]
[White "Jones, Gawain C B"]
[Black "Koridze, Lile"]
[WhiteFideId "409561"]
[BlackFideId "13612514"]
[WhiteElo "2657"]
[BlackElo "1978"]
[Result "1-0"]
[Round "01"]
[TimeControl "180+1"]
[Date "2022.01.04"]
[WhiteClock "0:00:20"]
[BlackClock "0:00:59"]

1. c4 e5 2. g3 Nf6 3. Bg2 d5 4. cxd5 Nxd5 5. Nc3 Nb6 6. Nf3 Nc6 7. O-O Be7 8. a3 O-O 9. b4 Be6 10. d3 a5 11. b5 Nd4 12. Rb1 f6 13. Nxd4 exd4 14. Ne4 Qd7 15. Qc2 Nd5 16. Nc5 Bxc5 17. Qxc5 Nc3 18. Rb2 Rab8 19. Rc2 Rfc8 20. Rxc3 dxc3 21. Bf4 Rf8 22. Bxc7 b6 23. Qc6 Qxc6 24. bxc6 Rbc8 25. Bxb6 a4 26. Rc1 Rb8 27. Ba5 c2 28. Bb4 Bb3 29. Bxf8 Kxf8 30. Kf1 Ke7 31. Ke1 Kd6 32. Kd2 Re8 33. e3 Kc5 34. d4+ Kd6 35. Bf1 Kxc6 36. Bd3 Kb6 37. Bxh7 Rh8 38. Bxc2 Rxh2 39. Ke2 Kb5 40. Bd3+ Kb6 41. e4 Rh8 42. Ke3 Rd8 43. d5 Rd6 44. Kd4 Kb7 45. Bb5 Rd8 46. Kc5 Rc8+ 47. Bc6+ Ka7 48. d6 Be6 49. Rb1 Ka6 50. Rb4 Bb3 51. d7 Rd8 52. Kd6 Ka5 53. Kc7 Ra8 54. Bxa8 1-0


[Site "https://www.chess.com"]

[Event "Titled Tuesday Blitz January 04 2022"]
[White "Juhasz, Agoston"]
[Black "Sarana, Alexey"]
[WhiteFideId "778346"]
[BlackFideId "24133795"]
[WhiteElo "2211"]
[BlackElo "2665"]
[Result "0-1"]
[Round "01"]
[TimeControl "180+1"]
[Date "2022.01.04"]
[WhiteClock "0:00:03"]
[BlackClock "0:00:18"]

1. e4 c5 2. Nf3 d6 3. d4 cxd4 4. Nxd4 Nf6 5. Nc3 a6 6. Be2 e5 7. Nb3 Be7 8. O-O O-O 9. Be3 Be6 10. Qd3 Nbd7 11. Rad1 Nb6 12. Kh1 Qc7 13. Bxb6 Qxb6 14. Nd5 Bxd5 15. exd5 Rac8 16. c4 g6 17. Qe3 Nd7 18. Qxb6 Nxb6 19. Na5 Rc7 20. Rc1 Rfc8 21. Rfd1 f5 22. b4 Bg5 23. Rc2 Na4 24. Kg1 e4 25. Kf1 Bf6 26. f3 e3 27. f4 Nc3 28. Rd3 Rxc4 29. Nxc4 Rxc4 30. Rxe3 Rxf4+ 31. Ke1 Nxd5 32. Re8+ Kf7 33. Bf3 Bc3+ 34. Rxc3 Nxc3 35. Rb8 Rxb4 36. Bxb7 Kf6 37. Kd2 Nxa2 0-1


[Site "https://www.chess.com"]